 Dungeon Crawl Stone Soup version 0.28-a0-476-g0f06bd746f (webtiles) character file.

Game seed: 15257830351893814836

105 dolemite99 the Shield-Bearer (level 4, -3/41 HPs)
             Began as a Gnoll Fighter on Sept 17, 2021.
             Was a Plaything of Xom.
             Succumbed to a scorpion's poison
             ... on level 4 of the Dungeon.
             The game lasted 00:03:54 (3540 turns).

dolemite99 the Shield-Bearer (Gnoll Fighter)        Turns: 3540, Time: 00:03:55

Health: -3/41      AC:  7    Str: 16    XL:     4   Next: 83%
Magic:  5/5        EV:  9    Int:  7    God:    Xom [..*...]
Gold:   11         SH:  5    Dex: 12    Spells: 5/5 levels left

rFire   . . .      SeeInvis .   a - +0 long sword
rCold   . . .      Faith    .   c - +0 buckler
rNeg    . . .      Spirit   .   b - +0 scale mail
rPois   .          Reflect  .   (no helmet)
rElec   .          Harm     .   (no cloak)
rCorr   .          Rampage  .   (no gloves)
Will    .....                   (no boots)
Stlth   ..........              (no amulet)
HPRegen 0.13/turn               (no ring)
MPRegen 0.09/turn               (no ring)

@: lethally poisoned (-3 -> -23)
A: fangs 1, strong nose, distributed training
a: Renounce Religion


You were on level 4 of the Dungeon.
You worshipped Xom.
You were a toy of Xom.
You visited 2 branches of the dungeon, and saw 5 of its levels.

You collected 71 gold pieces.
You spent 60 gold pieces at shops.

Inventory:

Hand Weapons
 a - a +0 long sword (weapon)
Missiles
 d - 46 arrows
 j - 45 stones (quivered)
 k - 37 sling bullets
Armour
 b - a +0 scale mail (worn)
 c - a +0 buckler (worn)
Jewellery
 f - a +4 ring of evasion
Scrolls
 g - a scroll of identify {@r1}
 h - 2 scrolls of blinking
 l - a scroll of amnesia
 m - a scroll of enchant armour
Potions
 e - 4 potions of brilliance
 i - a potion of attraction


   Skills:
 + Level 6.6 Fighting
 + Level 1.2 Short Blades
 + Level 4.7 Long Blades
 + Level 1.2 Axes
 + Level 1.2 Maces & Flails
 + Level 1.2 Polearms
 + Level 1.2 Staves
 + Level 1.2 Slings
 + Level 1.2 Bows
 + Level 1.2 Crossbows
 + Level 1.2 Throwing
 + Level 6.6 Armour
 + Level 1.2 Dodging
 + Level 1.2 Stealth
 + Level 6.6 Shields
 + Level 1.2 Unarmed Combat
 + Level 1.2 Spellcasting
 + Level 1.0 Conjurations
 + Level 1.0 Hexes
 + Level 1.0 Summonings
 + Level 1.0 Necromancy
 + Level 1.0 Translocations
 + Level 1.0 Transmutations
 + Level 1.0 Fire Magic
 + Level 1.0 Ice Magic
 + Level 1.0 Air Magic
 + Level 1.0 Earth Magic
 + Level 1.0 Poison Magic
 + Level 1.4 Invocations
 + Level 1.2 Evocations


You had 5 spell levels left.
You didn't know any spells.
Your spell library contained the following spells:

 Spells                   Type           Power      Damage    Failure   Level
 Hailstorm                Conj/Ice       1%         3d3       100%        4
 Ice Form                 Ice/Tmut       1%         N/A       100%        4
 Simulacrum               Ice/Necr       0%         N/A       100%        6


Dungeon Overview and Level Annotations

Branches:
Dungeon (4/15)             Temple (1/1) D:4

Altars:
Cheibriados
Dithmenos
Elyvilon
Makhleb
Qazlal
Ru
Uskayaw
Vehumet
Xom
Zin

Shops:
D:3 ?

Annotations:
D:2 exclusion: downstairs
D:3 Grinder


Innate Abilities, Weirdness & Mutations

You have very sharp teeth.
Your uncanny sense of smell can sniff out nearby items.
Your experience applies equally to all skills.


Message History

You see here a +0 leather armour.
You block the ball python's attack. The ball python closely misses you.
You closely miss the ball python.
The ball python bites you but does no damage.
The ball python grabs you. The ball python constricts you.
You barely miss the ball python. The ball python closely misses you.
The ball python constricts you. The ball python barely misses you.
The ball python constricts you.
You closely miss the ball python.
The ball python bites you but does no damage.
The ball python constricts you.
You slash the ball python!
You kill the ball python!
Found 15 gold pieces.
A scorpion comes into view.
Found 7 gold pieces and a leather armour.
Found a cloak.
Okay, then.
You block the scorpion's attack.
You hit the scorpion but do no damage.
You bite the scorpion, but do no damage.
The scorpion stings you!
You hit the scorpion but do no damage. The scorpion closely misses you.
You hit the scorpion. You bite the scorpion.
The scorpion is moderately wounded.
The scorpion stings you.
You are poisoned.
The scorpion poisons you! The scorpion stings you.
You are lethally poisoned!
The scorpion poisons you!
You closely miss the scorpion.
The scorpion is moderately wounded.
* * * LOW HITPOINT WARNING * * *
You feel extremely sick. The scorpion stings you!
* * * LOW HITPOINT WARNING * * *
You barely miss the scorpion.
The scorpion is moderately wounded.
You die...
Xom howls with laughter!

.........# ....[....#
# ......$..[ .#
.........# ..#
.........# ..
.........#.#
...........# .......@#
###....s# #.##..# #.
#$.# #.. ..
#.##..#.#.##..#####
#.....#.#.#.......#
.#####............#.#
............#.###.....
....###..####......#


You could see a scorpion.

Vanquished Creatures
  4 gnolls (D:2)
  A white imp (D:4)
  A worm (D:2)
  A dart slug (D:2)
  3 orcs (D:2)
  2 endoplasms
  A giant cockroach (D:2)
  7 goblins
  4 hobgoblins
  4 jackals (D:1)
  4 quokkas
  6 ball pythons
  3 bats
  2 frilled lizards (D:2)
  5 kobolds
  3 rats
51 creatures vanquished.

Vanquished Creatures (others)
  4 plants (D:3)
4 creatures vanquished.

Grand Total: 55 creatures vanquished

Notes
Turn   | Place    | Note
-------+----------+-------------------------------------------
     0 | D:1      | dolemite99 the Gnoll Fighter began the quest for the Orb.
     0 | D:1      | Reached XP level 1. HP: 23/23 MP: 1/1
   404 | D:1      | Reached XP level 2. HP: 18/29 MP: 2/2
   936 | D:2      | Reached XP level 3. HP: 35/35 MP: 3/3
  1070 | D:2      | Reached skill level 1 in Invocations
  1075 | D:2      | Reached skill level 1 in Short Blades
  1075 | D:2      | Reached skill level 1 in Axes
  1075 | D:2      | Reached skill level 1 in Maces & Flails
  1075 | D:2      | Reached skill level 1 in Polearms
  1075 | D:2      | Reached skill level 1 in Staves
  1075 | D:2      | Reached skill level 1 in Slings
  1075 | D:2      | Reached skill level 1 in Bows
  1075 | D:2      | Reached skill level 1 in Crossbows
  1075 | D:2      | Reached skill level 1 in Throwing
  1075 | D:2      | Reached skill level 1 in Dodging
  1075 | D:2      | Reached skill level 1 in Stealth
  1075 | D:2      | Reached skill level 1 in Unarmed Combat
  1075 | D:2      | Reached skill level 1 in Spellcasting
  1075 | D:2      | Reached skill level 1 in Evocations
  1289 | D:2      | Reached XP level 4. HP: 41/41 MP: 5/5
  2086 | D:3      | Noticed Grinder
  2087 | D:3      | Found Niynonof's Magic Scroll Boutique.
  2087 | D:3      | Found a faded altar of an unknown god.
  2214 | D:2      | Reached skill level 1 in Conjurations
  2214 | D:2      | Reached skill level 1 in Hexes
  2214 | D:2      | Reached skill level 1 in Summonings
  2214 | D:2      | Reached skill level 1 in Necromancy
  2214 | D:2      | Reached skill level 1 in Translocations
  2214 | D:2      | Reached skill level 1 in Transmutations
  2214 | D:2      | Reached skill level 1 in Fire Magic
  2214 | D:2      | Reached skill level 1 in Ice Magic
  2214 | D:2      | Reached skill level 1 in Air Magic
  2214 | D:2      | Reached skill level 1 in Earth Magic
  2214 | D:2      | Reached skill level 1 in Poison Magic
  2839 | D:3      | Found a shimmering altar of Xom.
  2995 | D:3      | Bought a scroll of identify for 20 gold pieces
  2999 | D:3      | Bought a scroll of identify for 20 gold pieces
  3000 | D:3      | Bought a scroll of identify for 20 gold pieces
  3008 | D:3      | Became a worshipper of Xom the Unpredictable
  3073 | D:4      | Found a staircase to the Ecumenical Temple.
  3084 | D:4      | XOM: smoke on damage
  3090 | Temple   | Entered the Ecumenical Temple
  3467 | D:4      | Noticed an ogre
  3469 | D:4      | XOM: potion effect (haste)
  3470 | D:4      | XOM: butterfly on damage
  3477 | D:4      | XOM: potion effect (heal wounds)
  3525 | D:4      | Noticed a scorpion
  3540 | D:4      | Succumbed to a scorpion's poison

Illustrated notes

Levels and vault maps discovered:
D:1:      onia_arrival_pyramid, layout_rooms, roderic_serpentine_path,
          minmay_misc_feat_four_crosses
D:2:      layout_loops_ring, amcnicky_mini_pool_small
D:3:      layout_rooms, overflow_temple_1_default, basic_ecumenical_altar,
          serial_shops, shop_fountains, serial_bayou_ford_a,
          wad_rectangle_vault, uniq_natasha, uniq_grinder, uniq_sigmund
D:4:      layout_basic, minmay_temple_entry_junction
Temple:   grunt_temple_mini_profane

Skill      XL: |  1  2  3  4 |
---------------+-------------+-----
Invocations    | 1 |  1.4
Short Blades   | 1 |  1.2
Axes           | 1 |  1.2
Maces & Flails | 1 |  1.2
Polearms       | 1 |  1.2
Staves         | 1 |  1.2
Slings         | 1 |  1.2
Bows           | 1 |  1.2
Crossbows      | 1 |  1.2
Throwing       | 1 |  1.2
Dodging        | 1 |  1.2
Stealth        | 1 |  1.2
Unarmed Combat | 1 |  1.2
Spellcasting   | 1 |  1.2
Evocations     | 1 |  1.2
Conjurations   | 1 |  1.0
Hexes          | 1 |  1.0
Summonings     | 1 |  1.0
Necromancy     | 1 |  1.0
Translocations | 1 |  1.0
Transmutations | 1 |  1.0
Fire Magic     | 1 |  1.0
Ice Magic      | 1 |  1.0
Air Magic      | 1 |  1.0
Earth Magic    | 1 |  1.0
Poison Magic   | 1 |  1.0
Fighting       | |  6.6
Long Blades    | |  4.7
Armour         | |  6.6
Shields        | |  6.6

Action                   |  1- 3 |  4- 6 || total
-------------------------+-------+-------++-------
Melee: Long sword        |    85 |    88 ||   173
       Bite              |     6 |    13 ||    19
Throw: Stone             |       |     2 ||     2
  Use: Potion            |     1 |       ||     1
       Scroll            |       |     5 ||     5
Armor: Scale mail        |    33 |    31 ||    64
Dodge: Dodged            |    54 |    35 ||    89
Block: Buckler           |    23 |    22 ||    45

Table legend: (Time is in decaauts)
 A = Elapsed time spent in this place.
 B = Non-inter-level travel time spent in this place.
 C = Inter-level travel time spent in this place.
 D = Time resting spent in this place.
 E = Time spent auto-exploring this place.
 F = Levels seen in this place.
 G = Mean time per level.
                   A        B        C        D        E       F      G
               +--------+--------+--------+--------+--------+-----+--------+
         Total |   3561 |   3464 |     97 |   1064 |   1827 |   5 |  712.2 |
       Dungeon |   3251 |   3200 |     51 |   1064 |   1574 |   4 |  812.8 |
        Temple |    309 |    263 |     46 |      0 |    253 |   1 |  309.0 |
               +--------+--------+--------+--------+--------+-----+--------+

Top non-repeatable levels by time:
     D:2: 1894 daAuts
     D:1: 826 daAuts
     D:3: 344 daAuts
  Temple: 309 daAuts
     D:4: 186 daAuts
